← All builds
Geo sea / Cortex / Economy first / OBSERVED BUILD

Standard geo sea

Cortex Geo sea build order · Supreme Isthmus

The role's default economy-first opening: bot lab then shipyard in the cove, early frigate and destroyer with a sub, taking geo on time before transitioning into a mixed navy for the rest of the game.

Usually shipyard in the cove (98%)

#naval #eco · 1767 distinct matches · 190 players · 80% of Cortex Geo sea games · team won 53% of 2066 · Recently observed

HOW TO PLAY IT

Key timing: Bot Lab by 1:12, Shipyard by 3:17

  1. Open 3 mex into wind, then drop Bot Lab in cove.
  2. Finish Bot Lab, keep teching mex and wind.
  3. Get Shipyard up and start pumping subs and frigates.
  4. Eat the Bot Lab for metal once you have T1 units defending.
  5. Push out submarine, frigate, destroyer to contest sea.
  6. Bring geothermal online and transition toward T2 constructor.

Phase by phase

TYPICAL OF ITS 1767 GAMES
  1. 1
  2. 2
  3. 3
  4. 4
PLAY THE OPENING

Follow the example game's first 6:00 step by step: what to build now, what comes next, and where it goes. At 1× it keeps pace with your own game.

  1. 1

    Up to the Bot Lab

    Economy
    • Metal Extractor3Mex
    • Wind Turbine3Wind
    • Wind Turbine1Windfor allies
    Order
    1. Bot LabBot Lab after 3 mex, 3 winddone ~1:13, middle half 1:07–1:25

    By 0:55 in all: 3 mex · 3 wind

    The example game in this phase · 7 steps
    1. Mex ×2
    2. Windfor Air
    3. Mex
    4. Solar
    5. Windfor Air
    6. Wind
    7. Bot LabBot Labdone 1:14 · typical 1:13
  2. 2

    Bot Lab to Shipyard

    Economy
    • Metal Extractor1Mex
    • Wind Turbine1Wind
    Order
    1. ShipyardShipyard after 4 mex, 5 wind, 1 energy storagedone ~3:18, middle half 3:02–3:36
    Builders
    • Construction Bot3 Con bot
    • Graverobber2 Graverobber
    Army
    • Grunt1 Grunt

    Some games also: con turret (46%) · trasher (39%) · energy storage (36%)

    By 2:52 in all: 4 mex · 5 wind · 1 energy storage

    The example game in this phase · 8 steps
    1. Wind
    2. GraverobberGraverobber ×3
    3. Construction BotCon bot ×2
    4. TrasherTrasher
    5. Con turret
    6. GruntGrunt
    7. Mex
    8. ShipyardShipyarddone 3:07 · typical 3:18
  3. 3

    Shipyard to 5:00

    Economy
    • Metal Extractor4Mex
    Order
    1. Bot LabEat Bot Lab
    Builders
    • Construction Ship1 Con ship
    Army
    • Riptide2 Frigate
    • Orca1 Submarine
    Other
    • Radar Tower1 Radar Tower

    Some games also: missile corvette (49%) · wind (49%) · Guard (48%) · destroyer (44%) · gunboat (39%)

    By 5:00 in all: 8 mex · 6 wind · 1 energy storage · 1 con turret

    The example game in this phase · 13 steps
    1. GruntGrunt
    2. Energy storage
    3. OrcaSubmarinedone 3:42 · typical 4:17
    4. Mex
    5. Bot LabEat Bot Labreclaimed for its metal
    6. Mex
    7. Construction ShipCon ship
    8. RiptideFrigatedone 4:05 · typical 4:40
    9. Mex
    10. HerringMissile corvette
    11. OppressorDestroyerdone 5:14 · typical 5:54
    12. Mex
    13. Geothermal PowerplantGeodone 7:19 · typical 8:13
  4. 4

    5:00 to 10:00

    Economy
    • Metal Extractor2Mex
    • Wind Turbine8Wind
    • Energy Converter2Converter
    Order
    1. Geothermal PowerplantGeo after 9 mex, 9 wind, 2 converterin 53% of games
    Builders
    • Construction Turret1 Con turret
    • Death Cavalry2 Death Cavalry
    • Construction Ship1 Con ship
    Army
    • Guard1 Guard
    • Riptide5 Frigate
    Other
    • Naval Radar / Sonar Tower2 Naval Radar / Sonar Tower

    Some games also: Thistle (39%) · submarine (32%)

    By 10:00 in all: 10 mex · 15 wind · 1 geo · 4 converter · 1 energy storage · 2 con turret

    The example game in this phase · 176 steps
    1. RiptideFrigate
    2. Mex
    3. Naval Radar / Sonar TowerNaval Radar / Sonar Tower
    4. RiptideFrigate
    5. Mex
    6. OppressorDestroyer
    7. Mex
    8. Radar TowerRadar Tower
    9. ThistleThistle ×2
    10. Wind ×2
    11. HerringMissile corvette
    12. Advanced Metal ExtractorT2 mexdone 8:18 · typical 9:25
    13. Wind ×3
    14. Con turret
    15. RiptideFrigate
    16. Radar TowerRadar Tower
    17. Wind ×3
    18. ThistleThistle
    19. Wind
    20. Mex
    21. Wind
    22. OppressorDestroyer
    23. Death CavalryDeath Cavalry
    24. ThistleThistle
    25. Wind
    26. Naval Radar / Sonar TowerNaval Radar / Sonar Tower
    27. Wind
    28. Converter
    29. Wind ×2
    30. Advanced Metal ExtractorT2 mex
    31. Death CavalryDeath Cavalry
    32. Wind
    33. Converter
    34. Wind
    35. HerringMissile corvette
    36. Wind
    37. Converter
    38. Wind
    39. OppressorDestroyer
    40. Converter
    41. Wind ×3
    42. Twin GuardTwin Guard
    43. Wind
    44. Converter
    45. Wind
    46. Converter
    47. Wind
    48. Converter ×2
    49. Advanced Metal ExtractorT2 mex
    50. Wind
    51. Converter
    52. Wind
    53. Converter
    54. RiptideFrigate
    55. Wind ×2
    56. RiptideFrigate
    57. Wind
    58. HerringMissile corvette
    59. Wind
    60. RiptideFrigate
    61. Wind ×2
    62. Twin GuardTwin Guard
    63. RiptideFrigate
    64. Wind
    65. Con turret
    66. Wind ×2
    67. Con turret
    68. Wind
    69. Vehicle PlantVehicle Plantdone 11:11
    70. RiptideFrigate
    71. Wind ×2
    72. IncisorIncisor
    73. Wind
    74. IncisorIncisor
    75. Advanced Metal ExtractorT2 mex
    76. IncisorIncisor
    77. Wind
    78. IncisorIncisor ×2
    79. Wind
    80. BruteBrute
    81. Wind
    82. BruteBrute
    83. Con turret
    84. Wind
    85. Dragon's TeethDragon's Teeth ×2
    86. Con turret
    87. Dragon's TeethDragon's Teeth
    88. Wind
    89. Twin GuardTwin Guard
    90. BruteBrute
    91. Dragon's TeethDragon's Teeth ×2
    92. Wind
    93. Construction ShipCon ship
    94. Dragon's TeethDragon's Teeth
    95. Twin GuardTwin Guard
    96. Wind
    97. Dragon's TeethDragon's Teeth
    98. BruteBrute
    99. Dragon's TeethDragon's Teeth
    100. CastroCastro
    101. Wind
    102. Dragon's TeethDragon's Teeth
    103. BruteBrute
    104. Mex
    105. Dragon's TeethDragon's Teeth
    106. Wind
    107. Dragon's TeethDragon's Teeth ×2
    108. Construction ShipCon ship
    109. Wind
    110. Dragon's TeethDragon's Teeth
    111. Wind
    112. Dragon's TeethDragon's Teeth
    113. Advanced Metal ExtractorT2 mex
    114. Naval Radar / Sonar TowerNaval Radar / Sonar Tower
    115. Dragon's TeethDragon's Teeth
    116. RascalRascal
    117. Wind
    118. Dragon's TeethDragon's Teeth
    119. RascalRascal ×2
    120. Dragon's TeethDragon's Teeth
    121. Wind
    122. RascalRascal
    123. Dragon's TeethDragon's Teeth
    124. RascalRascal
    125. Dragon's TeethDragon's Teeth
    126. Wind
    127. RascalRascal
    128. Dragon's TeethDragon's Teeth
    129. RascalRascal
    130. Wind
    131. RascalRascal
    132. Dragon's TeethDragon's Teeth
    133. RascalRascal
    134. Dragon's TeethDragon's Teeth
    135. RascalRascal
    136. Dragon's TeethDragon's Teeth
    137. RascalRascal
    138. Dragon's TeethDragon's Teeth
    139. RascalRascal
    140. Dragon's TeethDragon's Teeth
    141. RascalRascal ×2
    142. Dragon's TeethDragon's Teeth
    143. RascalRascal
    144. Dragon's TeethDragon's Teeth
    145. Advanced ShipyardAdvanced Shipyarddone 14:15
    146. RascalRascal ×2
    147. Dragon's TeethDragon's Teeth
    148. RascalRascal ×2
    149. Dragon's TeethDragon's Teeth
    150. RascalRascal ×2
    151. Dragon's TeethDragon's Teeth
    152. OrcaSubmarine
    153. RascalRascal
    154. Dragon's TeethDragon's Teeth
    155. RascalRascal
    156. Dragon's TeethDragon's Teeth
    157. OrcaSubmarine
    158. Dragon's TeethDragon's Teeth
    159. RascalRascal
    160. Naval Radar / Sonar TowerNaval Radar / Sonar Tower
    161. Dragon's TeethDragon's Teeth
    162. RascalRascal
    163. Advanced Metal ExtractorT2 mex
    164. Dragon's TeethDragon's Teeth
    165. RascalRascal
    166. Dragon's TeethDragon's Teeth ×2
    167. RascalRascal
    168. Dragon's TeethDragon's Teeth
    169. RascalRascal
    170. Dragon's TeethDragon's Teeth
    171. RascalRascal ×5
    172. IncisorIncisor ×4
    173. Advanced Construction SubAdvanced Construction Sub
    174. IncisorIncisor ×2
    175. PathfinderPathfinder
    176. IncisorIncisor

Counts are medians over the build's games: half of them build more, half fewer. The example game is FrugalResources's (30 OS, 11/10/2026); pick another.

Team trades

IN AT LEAST 30% OF ITS GAMES

You hand over

  • Wind Turbine2 Wind to Airfirst at 1:44 · in 72% of games

You get

  • Finch1 Finch from Airfirst at 1:52 · in 82% of games
  • Hercules1 Light transport from Airfirst at 1:59 · in 76% of games
  • Advanced Construction Bot1 T2 con bot from Techfirst at 7:44 · in 90% of games

How it plays out

Typical game of this build, running totals by minute

Metal produced

010k20k30k
0:005:0010:0015:00

metal

Enemy metal destroyed

05k10k
0:005:0010:0015:00

metal

Own metal lost

02.5k5k7.5k
0:005:0010:0015:00

metal

2066 games.

Show as table
ByMetal produced: This buildEnemy metal destroyed: This buildOwn metal lost: This build
1:0039800
2:0092900
3:00155700
4:002865051
5:00406614652
6:005414440232
7:006890905543
8:0085731547908
9:001040824581353
10:001253035282022
11:001507247082804
12:001801760503661
13:002121672254375
14:002477884365224
15:002858596396201
WHAT THE NUMBERS SAY

This is the role's own baseline, winning a bit over half its games with steady eco scaling and sea trades roughly matching losses.

  • + Team wins slightly over half of games played.
  • + Metal production scales from ~4k to ~29.5k by 15:00.
  • − Own metal lost climbs to 6875 by 15:00, matching kills closely.
  • − T2 factory only reached in 40% of games, limiting late power.
THE EXAMPLE YOU ARE READING

FrugalResources

30.1 OS · 11/10/2026

Open source match ↗

5 received units · includes a constructor
69 metal received · 30724 energy received

Allied construction assistance is unknown. Timings are observations, not a promise of solo reproducibility.

Typical milestones

Bot Lab1:13Middle 50%: 1:07–1:25 · n=2039
Shipyard3:18Middle 50%: 3:02–3:36 · n=2057
Orca4:17Middle 50%: 3:52–5:00 · n=1397
Riptide4:40Middle 50%: 4:09–5:22 · n=2013
Oppressor5:54Middle 50%: 5:11–6:40 · n=1890
Geothermal Powerplant8:13Middle 50%: 7:13–9:26 · n=1343
Advanced Metal Extractor9:25Middle 50%: 8:48–10:21 · n=1801

Played most by

SHOGVN221games of this buildsirniho126games of this buildElpoloow118games of this buildOptimusprimenutt95games of this buildhihimik72games of this build